Map: Distant Plane

Players

Gracz

  • Race: Terran Terran

Retsech

  • Race: Terran Terran

A.I. 2 (Hard) - Winner!

  • Race: Protoss Protoss

A.I. 3 (Hard) - Winner!

  • Race: Terran Terran

VOD

Have the link to the VOD?

Description

Time

  • Played on: Aug. 25, 2016, 4:30 p.m.
  • Length: 30:16
Show
View Real Time Build Order
Export as new Build Order

Gracz Terran 

Build Orders:  

Get SALT Encoding   

  12  0:03  SCV  
  13  0:19  SCV  
  14  0:29  Supply Depot  
  14  0:31  SCV  
  15  0:50  SCV  
  16  1:06  Barracks  
  16  1:11  Barracks, Refinery, SCV  
  17  1:23  SCV  
  18  1:35  SCV  
  19  1:47  SCV  
  19  1:48  Refinery  
  20  1:56  Barracks  
  20  2:00  Barracks  
  20  2:06  SCV  
  21  2:32  Barracks Reactor x2  
  21  2:38  Orbital Command  
  21  2:50  Bunker  
  21  2:55  Barracks  
  21  2:56  Barracks Reactor  
  21  2:57  Barracks  
  21  3:00  Barracks Reactor  
  21  3:26  Supply Depot  
  21  3:35  SCV  
  22  3:46  Barracks  
  22  3:47  Barracks, SCV  
  22  3:48  Barracks Reactor x2  
  23  3:59  SCV  
  24  4:12  SCV  
  25  4:18  Command Center  
  25  4:24  SCV  
  26  4:36  Barracks Reactor x2  
  26  4:51  Barracks  
  26  5:34  SCV  
  27  5:38  Marine  
  27  5:39  Marine  
  27  5:40  Marine x15  
  44  5:46  SCV  
  43  5:56  Marine  
  39  5:57  Marine x3  
  39  5:58  SCV  
  42  6:10  SCV  
  43  6:22  SCV  
  44  6:32  Marine  
  44  6:33  Marine x8  
  44  6:34  Marine  
  39  7:18  SCV  
  39  7:21  Refinery  
  40  7:23  Refinery  
  40  7:28  Barracks Tech Lab  
  40  7:30  SCV  
  41  7:59  Engineering Bay  
  41  8:00  Engineering Bay  
  41  8:04  Engineering Bay  
  41  8:26  Combat Shields  
  41  8:34  Orbital Command  
  41  8:53  Terran Infantry Armor Level 1, Terran Infantry Weapons Level 1  
  41  8:54  Building Armor  
  41  9:12  Marine  
  41  9:13  Marine x12  
  54  9:21  Supply Depot  
  54  9:26  Supply Depot  
  54  9:42  Marine x4  
  58  9:46  Stimpack  
  58  9:47  SCV  
  58  9:51  Supply Depot  
  59  9:56  Supply Depot  
  59  10:34  Neosteel Frame  
  59  10:36  Factory, Marine  
  59  10:37  Marine x16  
  76  10:54  Marine x4  
  76  10:55  Marine x13  
  86  11:12  Marine x4  
  90  11:19  Marine  
  90  11:20  Marine x10  
  101  11:33  Starport  
  101  11:48  SCV  
  102  12:05  Supply Depot  
  102  12:08  SCV  
  103  12:12  Starport  
  103  12:13  Starport Reactor  
  103  12:20  SCV  
  83  12:32  SCV  
  78  12:44  SCV  
  79  12:53  Marine x5  
  79  12:54  Marine x8  
  79  12:55  Marine  
  79  12:56  SCV  
  94  13:08  SCV  
  94  13:11  Armory  
  95  13:21  SCV  
  96  14:07  Armory  
  96  14:09  Supply Depot  
  96  14:10  Starport Reactor  
  69  14:42  Marine x5  
  69  14:43  Marine x12  
  86  14:49  Medivac x3  
  86  14:50  Medivac  
  94  15:00  Marine x6  
  100  15:19  Medivac x3  
  106  15:37  Command Center  
  106  15:45  Armory  
  106  15:47  Terran Infantry Weapons Level 2  
  106  15:48  Terran Infantry Armor Level 2  
  36  16:39  Marine  
  37  16:40  Marine x11  
  47  17:13  Marine  
  47  17:14  Marine  
  47  17:15  Marine x6  
  55  17:16  Marine  
  56  17:36  Armory  
  56  18:33  Refinery  
  56  18:40  Medivac x4  
  64  18:43  Marine  
  64  18:44  Marine x16  
  81  18:54  SCV  
  81  18:55  Refinery  
  82  19:01  Marine x3  
  85  19:06  SCV  
  86  19:10  Medivac x4  
  94  19:22  Orbital Command  
  94  19:40  Medivac x3  
  79  20:33  Marine  
  79  20:34  Marine x16  
  96  20:51  Marine  
  96  20:52  Marine x16  
  102  21:09  Marine x5  
  92  21:25  Orbital Command  
  91  21:47  Marine  
  91  21:48  Marine x16  
  108  22:05  Marine  
  108  22:06  Marine x12  
  111  22:37  Marine  
  111  22:38  Marine x16  
  128  22:55  Marine  
  128  22:56  Marine x5  
  129  23:40  Medivac  
  129  23:41  Medivac x3  
  137  23:44  Marine x9  
  146  24:10  Medivac  
  146  24:11  Medivac x3  
  128  24:40  Medivac  
  128  24:41  Medivac  
  132  25:16  Orbital Command  
  132  25:40  Bunker  
  125  26:40  Bunker  
  42  27:58  Marine x5  
  40  27:59  Marine x12  
  51  28:16  Marine x8  
  51  28:17  Marine x9  
  62  28:23  Medivac x4  
  70  28:34  Marine x16  
  71  28:35  Marine  
  78  28:51  Marine  
  78  28:52  Marine x15, Medivac  
  78  28:53  Medivac x3  
  103  29:08  Command Center  
  103  29:10  Marine  
  103  29:22  Medivac  
  103  29:23  Medivac x3  
Show
View Real Time Build Order
Export as new Build Order

Retsech Terran 

Build Orders: MMM Bio 

Get SALT Encoding   

  12  0:03  SCV  
  13  0:15  Supply Depot  
  13  0:18  SCV  
  14  0:30  SCV  
  14  0:34  Refinery  
  15  0:42  SCV  
  16  0:44  Supply Depot  
  16  0:54  SCV  
  17  1:06  SCV  
  18  1:17  Engineering Bay  
  18  1:19  SCV  
  18  1:20  Refinery  
  19  1:27  Supply Depot  
  19  1:31  SCV  
  20  1:36  Supply Depot  
  20  2:04  Barracks  
  20  2:06  Barracks  
  20  2:17  Barracks  
  20  2:51  Orbital Command  
  20  2:56  Barracks Tech Lab, Barracks Reactor  
  20  3:03  Barracks Reactor  
  20  3:29  Marine  
  21  3:37  Marine x2  
  21  3:41  Command Center  
  23  3:46  Marine  
  24  3:49  Stimpack  
  24  3:54  Marine  
  24  3:55  Terran Infantry Weapons Level 1  
  25  4:04  Marine  
  26  4:29  SCV  
  27  4:32  Marine x5  
  32  4:41  SCV  
  33  4:53  Orbital Command  
  33  4:56  SCV  
  34  5:05  Refinery  
  34  5:08  SCV  
  34  5:11  Marine  
  34  5:12  Marine  
  37  5:20  SCV  
  38  5:32  SCV  
  38  5:33  SCV  
  39  5:36  Refinery  
  37  5:45  SCV  
  37  5:49  Terran Infantry Armor Level 1  
  38  5:50  Combat Shields  
  29  6:09  Marine x3  
  29  6:10  Marine  
  33  6:13  Marine  
  34  6:20  SCV  
  34  6:21  SCV  
  36  6:26  Marine  
  36  6:27  Marine  
  36  6:30  Marine x2  
  36  6:31  Marine  
  36  6:32  SCV  
  42  6:33  SCV  
  40  6:44  SCV  
  40  6:45  SCV  
  38  6:49  Marine x4  
  38  6:50  Marine  
  43  6:56  SCV  
  44  7:07  Marine x2  
  46  7:09  SCV  
  46  7:10  SCV  
  48  7:22  SCV x2  
  50  7:29  Barracks  
  50  7:31  Barracks  
  50  7:34  Barracks  
  50  7:35  Barracks  
  50  7:56  Marine x2  
  50  7:57  Marine x3, Command Center  
  55  8:14  Marine x3  
  55  8:15  Marine  
  60  8:21  Supply Depot  
  60  8:22  Supply Depot x2  
  60  8:24  Marine  
  60  8:25  Marine, Supply Depot  
  62  8:29  Barracks Reactor x2  
  62  8:30  Marine  
  62  8:32  Marine x3  
  65  8:39  SCV  
  65  8:40  SCV  
  67  8:44  Supply Depot  
  67  8:46  Supply Depot  
  67  8:51  SCV  
  67  8:52  SCV  
  69  9:01  Marine x2  
  69  9:02  Barracks Reactor x2  
  71  9:13  Marine  
  71  9:14  Marine  
  73  9:21  Marine  
  73  9:22  Marine x2  
  64  9:41  Orbital Command  
  64  9:42  Marine x2  
  64  9:43  Marine x7  
  64  9:44  Marine x3  
  76  9:46  SCV x2  
  76  9:52  Refinery  
  78  9:54  Refinery  
  78  9:58  SCV  
  78  9:59  SCV  
  80  10:11  Marine x6  
  80  10:12  Marine x6  
  80  10:13  Marine  
  93  10:28  Marine  
  93  10:29  Marine x6  
  93  10:30  Marine x6  
  106  10:46  Marine x2  
  106  10:47  Marine x7  
  106  10:48  Marine x4  
  117  11:04  Marine x4  
  117  11:05  Marine x2  
  123  11:21  Marine x5  
  123  11:22  Marine x2  
  48  13:11  Marine  
  48  13:12  Marine x5  
  51  13:13  Marine x6  
  51  13:14  Marine  
  59  13:29  Factory, Marine  
  59  14:14  Marine x5  
  59  14:15  Marine  
  65  14:19  Starport  
  62  14:24  Marine x2  
  62  14:25  Marine x5  
  69  14:57  Starport  
  69  15:12  Factory Tech Lab  
  69  15:17  Medivac  
  71  15:36  Starport  
  71  15:47  Medivac  
  73  15:50  Medivac  
  73  15:55  Marine x3  
  73  15:56  Marine x6  
  73  15:57  Marine x4  
  88  16:13  Marine x4, Medivac  
  88  16:14  Marine x7, Starport  
  88  16:15  Marine x2  
  88  16:17  Medivac  
  105  16:20  Medivac  
  107  16:31  Marine x5  
  108  16:43  Medivac  
  97  16:47  Medivac  
  97  16:50  Medivac  
  97  16:53  Starport  
  85  16:57  Marine  
  85  16:58  Marine x6  
  85  16:59  Marine x5  
  97  17:06  Medivac  
  99  17:13  Medivac  
  101  17:17  Medivac  
  101  17:20  Medivac  
  105  17:36  Medivac  
  107  17:43  Medivac  
  98  17:47  Medivac  
  98  17:50  Medivac  
  98  18:00  Marine x3  
  98  18:01  Marine x3  
  98  18:02  Marine x7  
  111  18:06  Medivac  
  111  18:12  Medivac  
  115  18:13  Medivac  
  115  18:17  Medivac  
  115  18:18  Marine x4  
  115  18:19  Marine  
  124  18:20  Medivac  
  126  18:36  Medivac  
  128  18:42  Medivac  
  128  18:43  Medivac  
  128  18:47  Medivac  
  134  18:50  Medivac  
  134  18:51  Marine x7  
  134  18:52  Marine x6  
  149  19:06  Medivac  
  149  19:08  Marine x2  
  149  19:09  Marine x7  
  158  19:10  Marine x4  
  158  19:12  Medivac  
  158  19:13  Medivac  
  168  19:17  Medivac  
  170  19:26  Marine x3  
  170  19:27  Marine x7  
  170  19:28  Marine x3  
  183  19:44  Marine x5  
  183  19:45  Marine  
  189  19:50  Marine x2  
  189  19:52  Marine x4  
  189  19:53  Marine  
  179  20:02  Marine x2  
  76  21:16  Marine x5  
  76  21:17  Marine x6  
  76  21:18  Marine x2  
  85  21:19  Medivac x3  
  85  21:20  Medivac  
  83  21:34  Marine x3  
  48  22:53  Marine x5  
  48  22:54  Marine x4  
  48  22:55  Marine x4  
  59  23:10  Marine  
  59  23:11  Marine x4  
  59  23:12  Marine  
  65  24:18  Orbital Command  
  65  24:24  Marine x3  
  65  24:25  Marine x5  
  65  24:31  Orbital Command  
  69  25:41  Marine x2  
  69  25:42  Marine x5  
  75  25:43  Marine x5  
  81  26:18  Refinery  
  81  26:20  Marine x3  
  81  26:21  Marine x5  
  81  26:22  Marine x3, Refinery  
  81  26:23  Medivac x4  
  81  26:24  Medivac  
  102  26:53  Medivac x4  
  102  26:54  Medivac  
  112  26:56  Refinery  
  112  26:59  Refinery  
  112  27:23  Medivac x2  
Show
View Real Time Build Order
Export as new Build Order

A.I. 2 (Hard) Protoss - Winner!

Build Orders:  

Get SALT Encoding   

  12  0:01  Probe (Chrono Boost)  
  13  0:11  Probe (Chrono Boost)  
  14  0:22  Pylon, Probe (Chrono Boost)  
  15  0:40  Probe (Chrono Boost)  
  16  0:48  Assimilator  
  16  0:51  Probe (Chrono Boost)  
  16  0:52  Gateway  
  17  1:01  Pylon, Probe (Chrono Boost)  
  18  1:12  Probe (Chrono Boost)  
  19  1:23  Probe (Chrono Boost)  
  20  1:37  Zealot  
  20  1:42  Cybernetics Core  
  20  1:45  Gateway  
  22  1:48  Assimilator  
  22  2:03  Pylon  
  22  2:12  Warp Gate  
  22  2:17  Adept  
  24  2:31  Zealot  
  26  2:43  Adept  
  28  2:56  Pylon  
  28  2:59  Adept  
  30  3:09  Adept  
  32  3:15  Probe (Chrono Boost)  
  33  3:25  Adept  
  33  3:26  Pylon  
  36  3:27  Probe (Chrono Boost)  
  36  3:34  Adept  
  36  3:39  Probe (Chrono Boost)  
  36  3:40  Forge  
  39  3:50  Probe (Chrono Boost)  
  39  3:51  Adept  
  42  4:00  Stalker  
  42  4:02  Probe (Chrono Boost)  
  45  4:13  Probe (Chrono Boost)  
  46  4:52  Protoss Ground Weapons Level 1  
  46  4:58  Sentry  
  48  5:00  Gateway  
  48  5:04  Pylon  
  48  5:06  Photon Cannon  
  48  5:07  Stalker  
  50  5:15  Photon Cannon  
  50  5:17  Nexus  
  50  5:19  Sentry  
  52  5:30  Stalker  
  54  5:40  Robotics Facility  
  54  5:42  Stalker  
  56  6:03  Zealot  
  46  6:04  Pylon  
  42  6:12  Zealot  
  44  6:22  Adept  
  46  6:26  Observer  
  46  6:31  Adept  
  46  6:32  Probe (Chrono Boost)  
  50  6:35  Probe (Chrono Boost)  
  50  6:36  Protoss Ground Armor Level 1  
  51  6:40  Adept  
  51  6:44  Probe (Chrono Boost)  
  51  6:46  Observer, Probe (Chrono Boost)  
  56  6:56  Probe (Chrono Boost)  
  56  6:57  Stalker  
  56  6:58  Probe (Chrono Boost)  
  60  7:07  Pylon, Probe (Chrono Boost)  
  61  7:10  Probe (Chrono Boost)  
  62  7:17  Pylon  
  62  7:18  Probe (Chrono Boost)  
  62  7:20  Probe (Chrono Boost)  
  64  7:27  Stargate  
  64  7:29  Probe (Chrono Boost)  
  65  7:31  Probe (Chrono Boost)  
  66  7:37  Photon Cannon  
  66  7:41  Probe (Chrono Boost)  
  66  7:42  Probe (Chrono Boost)  
  68  7:47  Photon Cannon  
  69  7:52  Probe (Chrono Boost)  
  69  7:53  Probe (Chrono Boost), Twilight Council  
  70  8:02  Forge, Probe (Chrono Boost)  
  71  8:33  Assimilator  
  71  8:38  Assimilator  
  71  9:01  Warp Prism  
  71  9:02  Probe (Chrono Boost)  
  73  9:03  Probe (Chrono Boost)  
  73  9:07  Templar Archives  
  75  9:10  Robotics Facility  
  75  9:12  Gateway  
  75  9:15  Nexus  
  75  9:27  Stargate  
  69  9:31  Zealot  
  69  9:34  Warp Prism  
  61  9:40  Sentry  
  63  9:48  Sentry  
  63  9:52  Oracle  
  65  9:55  Protoss Ground Weapons Level 2  
  65  9:56  Warp Prism  
  65  9:57  High Templar  
  72  10:06  High Templar  
  74  10:09  Observer  
  74  10:12  Protoss Ground Armor Level 2  
  75  10:14  High Templar  
  77  10:23  High Templar  
  80  10:29  Probe (Chrono Boost)  
  80  10:31  Probe (Chrono Boost)  
  80  10:32  Archon  
  80  10:33  Probe (Chrono Boost)  
  82  10:35  High Templar  
  82  10:36  Archon  
  82  10:41  Probe (Chrono Boost)  
  82  10:42  Assimilator  
  86  10:43  Probe (Chrono Boost)  
  86  10:44  Pylon, Probe (Chrono Boost)  
  87  10:50  High Templar  
  87  10:52  Pylon, Probe (Chrono Boost)  
  87  10:53  Assimilator  
  87  10:54  Probe (Chrono Boost)  
  87  10:56  Probe (Chrono Boost)  
  92  11:00  Archon  
  92  11:03  High Templar  
  92  11:04  Probe (Chrono Boost)  
  95  11:05  Probe (Chrono Boost)  
  95  11:07  Probe (Chrono Boost)  
  97  11:14  Photon Cannon  
  97  11:15  Probe (Chrono Boost)  
  97  11:16  Probe (Chrono Boost), High Templar  
  97  11:18  Photon Cannon  
  102  11:19  Probe (Chrono Boost)  
  102  11:25  High Templar  
  104  11:35  High Templar  
  106  12:05  Protoss Shields Level 1  
  106  12:12  Robotics Bay  
  106  12:23  Protoss Air Weapons Level 1  
  106  12:24  Nexus  
  106  12:29  Zealot  
  94  12:33  Zealot  
  94  12:36  Stalker  
  91  12:39  Probe (Chrono Boost)  
  91  12:40  Zealot  
  91  12:42  Probe (Chrono Boost)  
  91  12:44  Zealot  
  87  12:47  Stalker  
  87  12:51  Probe (Chrono Boost)  
  76  12:52  Immortal  
  76  12:55  Probe (Chrono Boost)  
  75  12:58  Adept, Archon  
  75  12:59  Observer Gravitic Boosters  
  75  13:01  Probe (Chrono Boost)  
  75  13:02  Stalker  
  79  13:06  Sentry, Probe (Chrono Boost)  
  79  13:07  Nexus  
  79  13:10  Adept  
  79  13:11  Assimilator  
  84  13:13  Probe (Chrono Boost), Immortal  
  84  13:17  Probe (Chrono Boost)  
  84  13:18  High Templar  
  91  13:22  Assimilator  
  91  13:24  Pylon, Probe (Chrono Boost)  
  91  13:25  Zealot  
  94  13:29  Probe (Chrono Boost), Zealot  
  94  13:32  High Templar  
  99  13:36  Probe (Chrono Boost)  
  99  13:38  Void Ray  
  102  13:41  Probe (Chrono Boost)  
  102  13:42  Probe (Chrono Boost)  
  102  13:45  Sentry  
  102  13:48  Probe (Chrono Boost)  
  109  13:50  Protoss Shields Level 2  
  109  13:53  Probe (Chrono Boost)  
  109  13:54  Probe (Chrono Boost)  
  111  14:00  Probe (Chrono Boost)  
  112  14:04  Probe (Chrono Boost)  
  112  14:05  Gravitic Drive  
  112  14:06  Probe (Chrono Boost)  
  112  14:09  Assimilator  
  114  14:11  Probe (Chrono Boost)  
  114  14:12  Assimilator  
  114  14:15  Probe (Chrono Boost)  
  117  14:17  Probe (Chrono Boost)  
  117  14:19  Zealot  
  117  14:23  Zealot  
  101  14:27  Stalker  
  101  14:30  Zealot  
  91  14:38  Stalker  
  91  14:42  Sentry  
  95  14:47  Zealot  
  95  14:50  Sentry  
  99  14:53  Protoss Air Armor Level 1  
  99  15:00  Zealot  
  99  15:01  Protoss Ground Weapons Level 3  
  99  15:04  Stalker  
  103  15:08  Adept  
  103  15:10  Pylon  
  103  15:12  Pylon, Adept  
  107  15:14  Pylon  
  107  15:18  Stalker  
  109  15:31  Photon Cannon  
  109  15:34  Photon Cannon  
  109  15:36  Photon Cannon  
  109  15:39  Photon Cannon  
  109  15:40  Colossus  
  115  15:56  Protoss Ground Armor Level 3  
  115  15:57  Stalker  
  117  16:06  Fleet Beacon  
  117  16:10  Zealot  
  107  16:16  Sentry  
  105  16:22  Zealot  
  105  16:24  Observer  
  99  16:28  Stalker  
  101  16:33  Sentry  
  101  16:37  Void Ray  
  107  16:46  Stalker  
  107  16:52  Stalker  
  95  16:54  Nexus  
  95  16:58  Stalker  
  97  17:03  Stalker  
  99  17:09  Sentry  
  99  17:15  Adept  
  103  17:17  Colossus  
  103  17:19  Carrier  
  109  17:26  Carrier, Blink  
  121  17:40  Extended Thermal Lance  
  121  17:54  Protoss Shields Level 3  
  121  18:10  Graviton Catapult  
  121  18:19  Protoss Air Weapons Level 2  
  121  18:22  Pylon  
  121  18:28  Pylon  
  121  18:40  Assimilator  
  121  18:43  Assimilator  
  121  18:50  Photon Cannon  
  121  18:56  Photon Cannon  
  121  19:25  Dark Shrine, Disruptor  
  124  19:31  Disruptor  
  127  19:42  Tempest  
  129  19:52  Stalker  
  129  19:58  Stalker  
  107  20:04  Observer, Zealot  
  84  20:08  Observer  
  84  20:10  Zealot  
  87  20:15  Stalker  
  89  20:21  Stalker  
  89  20:24  Protoss Air Weapons Level 3  
  89  20:27  Sentry  
  93  20:33  Stalker  
  95  20:38  Stalker  
  89  20:44  Sentry  
  83  20:50  Sentry  
  83  20:56  Observer  
  83  20:57  Adept  
  86  21:01  Disruptor  
  86  21:05  Tempest  
  84  21:14  Zealot  
  76  21:18  Probe (Chrono Boost)  
  76  21:20  Probe x2 (Chrono Boost), Zealot  
  80  21:26  Stalker  
  80  21:31  Probe (Chrono Boost)  
  80  21:32  Stalker  
  84  21:38  Stalker, Warp Prism  
  84  21:39  Warp Prism  
  86  21:44  Stalker  
  78  21:49  Stalker  
  67  21:55  Sentry, Probe (Chrono Boost)  
  67  21:56  Probe (Chrono Boost)  
  67  22:01  Stalker  
  67  22:06  Nexus  
  67  22:07  Sentry, Void Ray  
  67  22:11  Void Ray  
  67  22:13  Observer  
  67  22:14  Observer  
  72  22:20  Sentry  
  69  22:26  Adept  
  69  22:32  Warp Prism x2, Zealot  
  75  22:38  Zealot  
  77  22:44  Stalker  
  77  22:47  Void Ray  
  82  22:53  Stalker  
  84  22:59  Stalker  
  84  23:05  Stalker  
  84  23:11  Stalker  
  86  23:16  Disruptor  
  89  23:20  Disruptor  
  89  23:21  Probe (Chrono Boost)  
  89  23:23  Probe (Chrono Boost)  
  89  23:25  Probe (Chrono Boost)  
  97  23:27  Probe (Chrono Boost)  
  97  23:29  Sentry  
  97  23:32  Nexus, Probe (Chrono Boost)  
  97  23:33  Tempest  
  100  23:35  Probe (Chrono Boost)  
  100  23:36  Pylon  
  100  23:38  Probe (Chrono Boost)  
  100  23:39  Probe (Chrono Boost)  
  100  23:40  Stalker  
  108  23:42  Pylon  
  108  23:43  Probe (Chrono Boost)  
  108  23:46  Sentry  
  111  23:50  Immortal  
  111  23:52  Nexus  
  111  23:55  Disruptor  
  115  24:00  Tempest  
  115  24:02  Assimilator  
  118  24:09  Zealot  
  124  24:12  Probe (Chrono Boost)  
  124  24:15  Zealot  
  126  24:21  Stalker  
  126  24:23  Assimilator  
  128  24:27  Adept  
  128  24:29  Immortal  
  118  24:34  Nexus  
  118  24:36  Carrier, Immortal  
  104  24:51  Zealot  
  106  24:56  Zealot  
  108  25:02  Sentry  
  108  25:03  Assimilator  
  108  25:05  Pylon  
  110  25:08  Stalker  
  110  25:09  Pylon, Protoss Air Armor Level 2  
  110  25:12  Pylon  
  110  25:14  Assimilator, Stalker  
  114  25:19  Stalker  
  116  25:25  Stalker  
  118  25:29  Nexus  
  118  25:31  Stalker  
  118  25:32  Photon Cannon  
  120  25:36  Photon Cannon  
  120  25:37  Stalker  
  122  25:43  Zealot  
  122  25:49  Sentry  
  126  25:52  Photon Cannon  
  126  25:55  Adept  
  126  25:56  Dark Shrine  
  124  25:57  Immortal  
  124  26:02  Disruptor  
  128  26:04  Pylon  
  128  26:09  Photon Cannon  
  131  26:12  Sentry  
  131  26:16  Nexus  
  131  26:18  Adept  
  135  26:21  Photon Cannon  
  135  26:24  Assimilator  
  135  26:51  Assimilator  
  135  26:54  Pylon  
  135  27:02  Pylon  
  134  27:08  Protoss Air Armor Level 3  
  134  27:09  Probe (Chrono Boost)  
  134  27:10  Pylon  
  133  27:15  Stalker  
  133  27:19  Void Ray  
  135  27:27  Stargate  
  135  27:29  Void Ray  
  129  27:52  Photon Cannon  
  129  27:59  Phoenix, Photon Cannon  
  131  28:06  Void Ray  
  131  28:11  Void Ray  
  135  28:15  Stargate  
  139  28:20  Void Ray  
  143  28:27  Assimilator  
  143  28:46  Phoenix  
  143  28:48  Tempest  
  149  29:31  Nexus  
Show
View Real Time Build Order
Export as new Build Order

A.I. 3 (Hard) Terran - Winner!

Build Orders: MMM Bio 

Get SALT Encoding   

  12  0:01  SCV  
  13  0:13  SCV  
  14  0:18  Supply Depot  
  14  0:25  SCV  
  15  0:40  SCV  
  16  0:44  Barracks  
  16  0:50  Refinery  
  16  0:52  SCV  
  17  1:04  SCV  
  18  1:16  SCV  
  19  1:21  Supply Depot  
  19  1:28  SCV  
  19  1:32  Marine  
  21  1:41  Barracks, Orbital Command  
  21  1:50  Barracks Tech Lab, Refinery  
  21  2:07  Supply Depot  
  21  2:08  Marine  
  22  2:26  Marine  
  22  2:28  Marine  
  24  2:39  Supply Depot  
  24  2:44  Marine  
  24  2:46  Marine  
  26  3:01  Marine  
  26  3:04  Marine  
  28  3:13  Supply Depot  
  28  3:15  SCV  
  28  3:19  Marine  
  30  3:22  Marine  
  31  3:27  SCV  
  31  3:28  Engineering Bay  
  32  3:38  Marauder  
  32  3:39  SCV  
  32  3:40  Marine  
  36  3:52  SCV  
  37  3:57  Marine  
  37  4:01  Marauder  
  40  4:04  SCV  
  41  4:16  SCV  
  42  4:22  Marauder  
  44  4:44  Marauder  
  46  5:05  Marauder  
  48  6:04  Barracks Tech Lab  
  48  6:05  Stimpack, Terran Infantry Weapons Level 1, Reaper  
  48  6:07  Factory  
  48  6:10  Factory  
  49  6:12  Supply Depot  
  49  6:15  Missile Turret  
  49  6:19  Missile Turret, Command Center  
  49  6:21  Combat Shields  
  49  6:23  Barracks, Marauder  
  51  6:37  Reaper  
  52  6:42  Bunker  
  52  6:44  Marine  
  45  6:53  Factory Tech Lab x2  
  37  6:55  Starport  
  37  7:00  Starport  
  35  7:01  Marine  
  36  7:09  Marauder  
  36  7:10  Marine  
  39  7:19  Marine  
  40  7:27  Marine, Sensor Tower  
  41  7:30  Marine  
  41  7:31  SCV  
  41  7:33  SCV  
  44  7:37  Marine  
  44  7:40  Concussive Shells  
  44  7:43  SCV  
  45  7:44  Missile Turret  
  45  7:45  Missile Turret, Marine, SCV  
  45  7:47  Refinery, Starport Tech Lab x2  
  45  7:49  Marauder  
  49  7:55  Marine, SCV  
  49  7:57  Armory  
  51  7:59  Terran Infantry Armor Level 1, SCV  
  51  8:04  Barracks Reactor  
  52  8:06  Raven  
  52  8:08  SCV, Raven  
  52  8:10  Marine  
  52  8:11  Refinery, SCV  
  59  8:13  Marine  
  60  8:20  Bunker, SCV  
  60  8:23  SCV  
  62  8:27  Marine  
  62  8:31  Marauder  
  62  8:32  SCV  
  66  8:35  SCV  
  67  8:44  SCV  
  67  8:47  SCV  
  69  8:52  Supply Depot  
  69  8:56  SCV  
  69  8:59  SCV  
  71  9:08  SCV  
  72  10:08  Medivac x2, Marine  
  72  10:09  Terran Vehicle Weapons Level 1, Terran Infantry Weapons Level 2  
  72  10:10  Supply Depot  
  72  10:12  Marine  
  77  10:15  Marine  
  77  10:18  Engineering Bay  
  77  10:19  Marine  
  79  10:26  Reaper  
  80  10:29  Ghost Academy  
  80  10:30  Command Center, Reaper  
  80  10:34  Supply Depot, Reaper  
  82  10:37  Raven  
  82  10:38  Medivac  
  82  10:40  Fusion Core  
  86  10:43  Terran Infantry Armor Level 2  
  86  10:53  Reaper  
  86  10:56  Armory  
  86  10:59  Ghost  
  88  11:31  Raven  
  88  11:43  Terran Vehicle And Ship Armor Level 1, SCV  
  88  11:44  SCV  
  88  11:46  SCV  
  91  11:55  SCV  
  91  11:56  SCV  
  91  11:58  SCV  
  94  12:02  Refinery  
  94  12:04  Terran Ship Weapons Level 1  
  94  12:07  Missile Turret, SCV  
  95  12:08  SCV  
  95  12:10  Missile Turret  
  95  12:11  Refinery, SCV  
  95  12:14  Missile Turret  
  97  12:19  SCV  
  98  12:25  SCV  
  98  12:26  SCV  
  100  12:31  SCV  
  100  12:32  Bunker  
  100  12:36  Reaper  
  102  12:37  SCV  
  102  12:39  SCV  
  102  12:40  Raven, Reaper  
  102  12:43  Marine, SCV  
  94  12:44  Bunker, Command Center  
  94  12:45  Raven  
  94  12:47  Marine  
  93  13:01  Marine  
  93  13:04  Marine  
  95  13:08  Marine  
  95  13:12  Marine  
  97  13:19  Marine  
  98  13:22  Marine  
  98  13:26  Reaper  
  100  13:29  Marine  
  101  13:37  Reaper  
  102  13:43  Widow Mine  
  102  13:44  Terran Infantry Armor Level 3, Terran Infantry Weapons Level 3  
  102  13:47  Siege Tank  
  107  13:50  Supply Depot, Ghost  
  109  13:58  SCV  
  109  13:59  SCV  
  109  14:00  Refinery  
  111  14:06  Missile Turret  
  111  14:07  Terran Vehicle Weapons Level 2  
  111  14:08  Refinery  
  111  14:11  Widow Mine  
  111  14:15  Missile Turret  
  113  14:18  Supply Depot  
  113  14:19  Thor  
  119  14:30  Terran Vehicle And Ship Armor Level 2  
  119  14:37  Bunker  
  119  14:40  Siege Tank  
  122  15:01  Widow Mine  
  124  15:12  Widow Mine  
  126  15:15  Drilling Claws  
  126  15:31  High Capacity Fuel Tanks  
  125  15:58  Command Center  
  125  16:21  Building Armor, Hi-Sec Auto Tracking  
  125  16:22  Terran Ship Weapons Level 2  
  125  16:36  Ghost  
  120  16:40  Marine  
  120  16:42  Raven  
  120  16:44  Marine  
  120  16:46  Terran Vehicle Weapons Level 3  
  108  16:48  Marine  
  108  16:52  Thor  
  105  16:56  Siege Tank  
  105  16:59  Marine  
  109  17:03  Marine  
  110  17:11  SCV  
  110  17:15  Marine  
  112  17:17  Marine  
  112  17:18  Neosteel Frame  
  112  17:19  Marine  
  112  17:22  Marine  
  115  17:27  Widow Mine  
  117  17:31  Refinery  
  117  17:33  Marine  
  117  17:35  Marine  
  119  17:37  Missile Turret, Marine  
  119  17:39  Marine  
  119  17:40  Widow Mine  
  122  17:44  Missile Turret  
  122  17:51  Marine, Refinery  
  102  17:52  Raven  
  102  17:53  Marine  
  102  17:55  Ghost  
  102  17:57  Marine, Siege Tank  
  105  18:07  Bunker  
  105  18:08  Marine  
  105  18:11  Marine  
  107  18:15  Marine  
  108  18:23  Marine  
  108  18:26  Marine  
  110  18:28  Marine  
  110  18:33  Marine  
  112  18:39  Terran Vehicle And Ship Armor Level 3  
  112  18:41  Marine  
  112  18:44  Marine  
  112  18:46  Marine  
  115  18:51  Marine  
  116  18:59  Marine  
  116  19:02  Ghost  
  119  19:04  Marine  
  119  19:08  Marine  
  121  19:17  Marauder  
  123  19:25  Terran Ship Weapons Level 3  
  125  19:31  Command Center, Marauder  
  125  19:39  Marauder  
  127  19:52  Marauder  
  129  20:00  Marauder  
  129  20:07  Marine  
  131  20:14  Marauder  
  130  20:22  Marauder  
  129  20:44  Marine  
  129  20:46  Marine  
  129  20:47  Refinery  
  129  20:48  Marine  
  114  20:50  Marine, Raven  
  114  20:54  Missile Turret  
  114  20:55  Missile Turret  
  109  20:57  Raven  
  109  20:59  Refinery  
  109  21:02  Marine  
  99  21:04  Marine  
  99  21:06  Marine  
  99  21:08  Marine  
  102  21:15  Bunker  
  102  21:16  SCV  
  102  21:20  Marine  
  102  21:22  Marine  
  102  21:24  Marine  
  98  21:26  Marine, SCV  
  90  21:32  Raven  
  90  21:38  Marauder  
  86  21:40  Marine, Medivac  
  86  21:42  Marine  
  86  21:44  Marine  
  91  21:57  Marine  
  91  21:59  Marine  
  91  22:00  Marine  
  94  22:02  Marine  
  95  22:15  Marine  
  95  22:17  Marine x2  
  95  22:20  Marine  
  93  22:31  Raven  
  93  22:33  Marine  
  93  22:34  Marine  
  93  22:35  Marine  
  88  22:37  Marine  
  88  22:40  SCV  
  88  22:41  Missile Turret  
  83  22:51  Marine  
  82  22:52  Marine  
  82  22:53  Marine  
  82  22:55  Marine  
  86  23:09  Marine  
  86  23:11  Marine, Marauder  
  90  23:13  Marine  
  91  23:22  SCV  
  91  23:23  SCV  
  91  23:26  Marine  
  90  23:29  Marine  
  90  23:31  Marine x2  
  94  23:44  Marine  
  94  23:46  Marine  
  96  23:49  Marine x2  
  98  24:01  Siege Tank  
  98  24:02  Marine  
  102  24:04  Supply Depot  
  102  24:05  Viking  
  104  24:10  Siege Tank  
  104  24:14  Viking  
  109  24:20  Marine  
  110  24:25  Marauder  
  110  24:29  Marine  
  113  24:34  SCV  
  113  24:37  Thor  
  121  24:38  Marauder  
  121  24:42  Banshee  
  124  24:47  Siege Tank  
  124  24:52  Viking  
  129  24:56  Ghost  
  131  25:19  Cyclone  
  131  25:20  Thor  
  141  25:22  Viking  
  141  25:26  Banshee  
  146  25:51  Siege Tank  
  149  27:35  Widow Mine  
  151  27:39  Marauder  
  151  27:42  Marauder  
  155  27:44  Widow Mine  
  141  27:59  Ghost  
  143  28:52  Command Center  
  143  29:23  Command Center  
Tags
 
Add a new tag
Caveats
  • Supply blocks, unpowered buildings, or Contaminate may cause inaccurate times.
  • Supply counts are checked every 10 seconds.